 Dungeon Crawl Stone Soup version 0.31-a0-187-gba352fbbf7 (webtiles) character file.

Game seed: 7816876765018867957

47 qw the Shooter (level 3, 0/20 HPs)
             Began as a Deep Elf Hunter on June 22, 2023.
             Slain by Terence
             ... wielding a +2 hand axe of freezing
              (2 damage)
             ... on level 2 of the Dungeon.
             The game lasted 00:00:23 (900 turns).

qw the Shooter (Deep Elf Hunter)                     Turns: 900, Time: 00:00:24

Health: 0/20       AC:  3    Str: 10    XL:     3   Next: 48%
Magic:  5/5        EV: 12    Int: 13    God:
Gold:   99         SH:  0    Dex: 18    Spells: 2/2 levels left

rFire   . . .        a - +0 shortbow
rCold   . . .        (shield currently unavailable)
rNeg    . . .        c - +0 leather armour
rPois   .            (no helmet)
rElec   .            (no cloak)
rCorr   .            (no gloves)
SInv    .            (no boots)
Will    .....        (no amulet)
Stlth   ++           (no ring)
HPRegen 0.23/turn    (no ring)
MPRegen 0.09/turn

%: no passive effects
@: lethally poisoned (0 -> -7)
A: no striking features
a: no special abilities


You were on level 2 of the Dungeon.
You visited 1 branch of the dungeon, and saw 2 of its levels.

You collected 99 gold pieces.


   Skills:
 - Level 1.5 Fighting
 + Level 7.0 Ranged Weapons
 - Level 2.4 Dodging
 - Level 1.2 Stealth


You had 2 spell levels left.
You didn't know any spells.
Your spell library was empty.

Inventory:

Hand Weapons
 a - a +0 shortbow (weapon)
Armour
 c - a +0 leather armour (worn)
 h - a +0 ring mail
Scrolls
 f - a scroll of fog {unknown}
Potions
 b - a potion of curing {unknown}
 d - a potion of might {unknown}
 e - 2 potions of magic {unknown}
 g - a potion of mutation {unknown}

Dungeon Overview and Level Annotations

Branches:
Dungeon (2/15)

Altars:

Annotations:
D:2 Terence


Message History

Enter note:
Enter note:
Enter note: You shoot an arrow.
The arrow hits the goblin but does no damage.
You hear a shout!
An adder comes into view.
You shoot an arrow. The arrow barely misses the goblin.
The adder hisses angrily.
You shoot an arrow. The arrow hits the goblin.
You kill the goblin!
Terence the Incautious comes into view.
He is wielding a +2 hand axe of freezing and wearing an orb of energy.
You shoot an arrow. The arrow closely misses Terence.
Terence hits you but does no damage.
You shoot an arrow.
The arrow hits Terence but does no damage.
Terence hits you with a +2 hand axe of freezing.
Terence freezes you.
You shoot an arrow. The arrow barely misses Terence.
Terence closely misses you. The adder bites you but does no damage.
You shoot an arrow.
The arrow hits the adder but does no damage.
Terence hits you with a +2 hand axe of freezing.
Terence freezes you. The adder closely misses you.
You shoot an arrow. The arrow hits the adder.
The adder is moderately wounded.
The adder bites you.
You are poisoned.
The adder poisons you!
Terence says, "Don't bother to defend, it's useless."
Terence closely misses you. The adder bites you but does no damage.
Terence misses you.
You shoot an arrow. The arrow hits the adder.
The adder is severely wounded.
You feel sick. The adder bites you.
You are lethally poisoned!
The adder poisons you!
Terence hits you with a +2 hand axe of freezing.
Terence freezes you.
You die...

. #..# #..# ' #..# #.
...#####..# .. # #.......#
###.#. .#.#####.###
......#### ...........
.....)@..######.####.###
#@S<.............#
#.###.#.#.##...### #.#
#.#.#.##....#. #.#
#...#.##....#.
########.###...#.......#.
..................#..#.+.
########.##....#..#..#.#.
#.##....#.......#.
.########.##....####.##.##


You could see Terence and an adder.

Vanquished Creatures
  A worm (D:2)
  8 ball pythons
  4 bats
  4 endoplasms
  2 giant cockroaches
  4 goblins
  7 hobgoblins
  2 quokkas (D:2)
  2 frilled lizards (D:1)
  2 kobolds (D:1)
  3 rats (D:1)
39 creatures vanquished.

Notes
Turn   | Place    | Note
-------+----------+-------------------------------------------
     0 | D:1      | qw the Deep Elf Hunter began the quest for the Orb.
     0 | D:1      | Reached XP level 1. HP: 12/12 MP: 3/3
     0 | D:1      | 0 ||| qw: Version: 0.3-a-9-g12657ce
     0 | D:1      | 0 ||| qw: Game counter: 2511
     0 | D:1      | 0 ||| qw: Always use a shield: true
     0 | D:1      | 0 ||| qw: God list: Okawaru
     0 | D:1      | 0 ||| qw: Allow faded altars: false
     0 | D:1      | 0 ||| qw: Do Orc after D:15 true
     0 | D:1      | 0 ||| qw: Do second Lair branch before Depths: true
     0 | D:1      | 0 ||| qw: Lair rune preference: random
     0 | D:1      | 0 ||| qw: Plans: Normal
     0 | D:1      | 0 ||| PLANNING D:1-11
    81 | D:1      | Reached XP level 2. HP: 16/16 MP: 4/4
    93 | D:1      | Reached skill level 6 in Ranged Weapons
   458 | D:1      | Reached XP level 3. HP: 20/20 MP: 5/5
   574 | D:1      | 574 ||| DROPPING scroll of butterflies.
   715 | D:2      | Reached skill level 7 in Ranged Weapons
   894 | D:2      | Noticed Terence
   900 | D:2      | HP: 2/20 [Terence/+2 hand axe of freezing (5)]
   900 | D:2      | Slain by Terence

Levels and vault maps discovered:
D:1:      spicycebolla_green_bress_n_ham_2, layout_basic, minmay_pentomino_w2
D:2:      layout_basic, chequers_serial_rivers_small_a, minivault_26,
          kennysheep_potato, uniq_crazy_yiuf_cottage, uniq_terence

Skill      XL: |  1  2  3 |
---------------+----------+-----
Ranged Weapons | 6 7 |  7.0
Fighting       | |  1.5
Dodging        | |  2.4
Stealth        | |  1.2

Action                     || total
---------------------------++-------
   Fire: Shortbow          ||    96
 Armour: Leather armour    ||     8
  Dodge: Dodged            ||    20

Table legend:
 A = Non-vault XP
 B = Vault XP
 C = Vault XP percentage of total XP
 D = Non-vault monster count
 E = Vault monster count
 F = Vault count percentage of total count
                 A         B        C        D         E       F
            +---------+---------+-------+---------+---------+-------
      Total |      61 |       7 |  10.3 |      35 |       4 |  10.3
            +---------+---------+-------+---------+---------+-------
        D:1 |      41 |       3 |   6.8 |      25 |       2 |   7.4
        D:2 |      20 |       4 |  16.7 |      10 |       2 |  16.7
            +---------+---------+-------+---------+---------+-------
